 Dungeon Crawl Stone Soup version 0.27-a0-416-gca2cecf3c0 (webtiles) character file.

Game seed: 16000945153910503501

15587 jasper the Epochal (level 12, -3/56 HPs)
             Began as a Spriggan Enchanter on Feb 24, 2021.
             Was an Elder of Cheibriados.
             Slain by a komodo dragon (21 damage)
             ... on level 1 of the Lair of Beasts.
             The game lasted 00:30:39 (16725 turns).

jasper the Epochal (Spriggan Enchanter)            Turns: 16725, Time: 00:30:40

Health: -3/56      AC: 10    Str: 13    XL:     12   Next: 2%
Magic:  10/22      EV: 25    Int: 27    God:    Cheibriados [****..]
Gold:   160        SH:  5    Dex: 28    Spells: 7/23 levels left

rFire    + . .     SeeInvis +   Q - +0 dagger (elec)
rCold    . . .     Faith    .   (shield restricted)
rNeg     . . .     Spirit   .   M - +1 robe {Will+}
rPois    .         Reflect  +   (helmet restricted)
rElec    .         Harm     .   N - +2 cloak
rCorr    .         Rampage  .   (gloves unavailable)
Will     +++..                  (boots unavailable)
Stlth    +++++.....             l - amulet of reflection
HPRegen  0.18/turn              d - ring of protection from fire
MPRegen  0.18/turn              O - +4 ring of protection

@: studying 2 skills, very slow
A: very small, unfitting armour, see invisible, speed 3
a: Renounce Religion, Bend Time, Temporal Distortion, Slouch


You were on level 1 of the Lair of Beasts.
You worshipped Cheibriados.
Cheibriados was greatly pleased with you.
You visited 3 branches of the dungeon, and saw 13 of its levels.
You also visited: Ossuary.

You collected 706 gold pieces.
You spent 546 gold pieces at shops.

Inventory:

Hand Weapons
 a - a +1 dagger
 h - a +0 rapier
 Q - a +0 dagger of electrocution (weapon)
Missiles
 g - 72 poisoned darts (quivered)
 D - 23 boomerangs
 J - a throwing net
Armour
 b - a +0 robe
 z - a +0 troll leather armour
 H - a +0 cloak
 M - a +1 robe of willpower (worn)
 N - a +2 cloak (worn)
Jewellery
 d - a ring of protection from fire (left hand)
 j - a +6 ring of dexterity
 l - an amulet of reflection (around neck)
 o - a ring of positive energy
 B - an amulet of the acrobat
 O - a +4 ring of protection (right hand)
 R - a +6 ring of strength
Wands
 u - a wand of polymorph (14)
 y - a wand of iceblast (20)
 C - a wand of digging (5)
 F - a wand of paralysis (5)
 L - a wand of mindburst (14)
Scrolls
 c - 6 scrolls of teleportation
 f - 5 scrolls of fog
 k - 4 scrolls of magic mapping {unknown}
 m - 2 scrolls of amnesia {unknown}
 n - 5 scrolls of enchant weapon {unknown}
 q - 4 scrolls of enchant armour {unknown}
 w - a scroll of random uselessness {unknown}
 E - 2 scrolls of torment {unknown}
 G - a scroll of noise {unknown}
 K - a scroll of summoning {unknown}
 P - a scroll of identify
Potions
 e - 3 potions of degeneration
 i - 4 potions of haste
 p - 2 potions of ambrosia
 r - 2 potions of attraction
 s - a potion of mutation
 t - a potion of lignification
 v - 3 potions of might
 A - 4 potions of curing
 I - a potion of cancellation
 S - a potion of brilliance {unknown}
Miscellaneous
 x - a condenser vane


   Skills:
 + Level 3.0 Fighting
 - Level 10.0 Short Blades
 + Level 5.7 Dodging
 - Level 11.0 Stealth
 + Level 6.1 Spellcasting
 - Level 8.0 Hexes
 - Level 5.4 Translocations
 - Level 2.0 Ice Magic
 - Level 12.2 Invocations


You had 7 spell levels left.
You knew the following spells:

 Your Spells              Type           Power        Failure   Level
a - Corona                Hex            56%          1%          1
b - Ensorcelled Hibernat  Hex/Ice        70%          1%          2
c - Tukima's Dance        Hex            51%          1%          3
d - Confusing Touch       Hex            51%          1%          3
e - Petrify               Tmut/Erth      8%           54%         4
f - Apportation           Tloc           74%          1%          1
g - Blink                 Tloc           N/A          1%          2

Your spell library contained the following spells:

 Spells                   Type           Power        Failure   Level
 Slow                     Hex            51%          1%          2
 Gell's Gravitas          Tloc           18%          1%          3
 Lesser Beckoning         Tloc           18%          1%          3
 Dazzling Flash           Conj/Hex       58%          3%          3
 Animate Skeleton         Necr           16%          6%          1
 Beastly Appendage        Tmut           16%          6%          1
 Magic Dart               Conj           32%          6%          1
 Pain                     Necr           32%          6%          1
 Sandblast                Erth           16%          6%          1
 Call Imp                 Summ           8%           10%         2
 Corpse Rot               Necr/Air       N/A          10%         2
 Passwall                 Tmut/Erth      6%           10%         2
 Wereblood                Tmut           8%           10%         2
 Conjure Flame            Conj/Fire      8%           19%         3
 Ignite Poison            Fire/Tmut/Pois 8%           19%         3
 Mephitic Cloud           Conj/Pois/Air  8%           19%         3
 Spider Form              Tmut/Pois      4%           19%         3
 Stone Arrow              Conj/Erth      16%          19%         3
 Vampiric Draining        Necr           4%           19%         3
 Metabolic Englaciation   Hex/Ice        17%          22%         5
 Yara's Violent Unravell  Hex/Tmut       14%          34%         5
 Invisibility             Hex            51%          36%         6
 Ice Form                 Ice/Tmut       13%          38%         4
 Animate Dead             Necr           4%           54%         4
 Agony                    Necr           8%           87%         5
 Alistair's Intoxication  Tmut/Pois      5%           87%         5
 Blade Hands              Tmut           4%           87%         5
 Bolt of Magma            Conj/Fire/Erth 4%           87%         5
 Irradiate                Conj/Tmut      4%           87%         5
 Iskenderun's Battlesphe  Conj           8%           87%         5
 Lee's Rapid Deconstruct  Erth           4%           87%         5
 Iron Shot                Conj/Erth      4%           100%        6
 Orb of Destruction       Conj           4%           100%        7
 Spellforged Servitor     Conj/Summ      4%           100%        7


Dungeon Overview and Level Annotations

Branches:
Dungeon (11/15)            Temple (1/1) D:5            Lair (1/6) D:11
    Orc (0/2) D:10        Ossuary (visited)

Altars:
Ashenzari
Cheibriados
Elyvilon
Fedhas
Kikubaaqudgha
Makhleb
Okawaru
Qazlal
Ru
Sif Muna
Trog
Vehumet
Wu Jian
Xom
Yredelemnul

Shops:
D:9 [   D:10 **[*=


Innate Abilities, Weirdness & Mutations

You are very small and have problems with some larger weapons.
You are too small for most types of armour.
You have supernaturally acute eyesight. (SInv)
You cover ground extremely quickly.


Message History

Aim: a seven-headed hydra (chance to affect: 28%)
The seven-headed hydra easily resists.
You now have 15/22 mp.
Casting: Ensorcelled Hibernation (safe; 1% risk of failure)
Confirm with . or Enter, or press ? or * to list all spells.
Aiming: Ensorcelled Hibernation (safe; 1% risk of failure)
Press: ? - help, Shift-Dir - straight line, f/p - seven-headed hydra
Aim: a seven-headed hydra (chance to affect: 28%)
The seven-headed hydra easily resists.
You block the seven-headed hydra's attack.
The seven-headed hydra barely misses you. x2
The seven-headed hydra misses you. The seven-headed hydra bites you.
The seven-headed hydra misses you.
The seven-headed hydra closely misses you.
You take 1 damage, and have 55/56 hp.
You now have 13/22 mp.
Casting: Ensorcelled Hibernation (safe; 1% risk of failure)
Confirm with . or Enter, or press ? or * to list all spells.
Aiming: Ensorcelled Hibernation (safe; 1% risk of failure)
Press: ? - help, Shift-Dir - straight line, f/p - seven-headed hydra
Aim: a seven-headed hydra (chance to affect: 28%)
The seven-headed hydra easily resists.
The seven-headed hydra barely misses you.
The seven-headed hydra bites you!
The seven-headed hydra completely misses you.
The seven-headed hydra barely misses you. x2
The seven-headed hydra completely misses you.
You block the seven-headed hydra's attack.
You take 8 damage, and have 47/56 hp.
You now have 12/22 mp.
Casting: Ensorcelled Hibernation (safe; 1% risk of failure)
Confirm with . or Enter, or press ? or * to list all spells.
Aiming: Ensorcelled Hibernation (safe; 1% risk of failure)
Press: ? - help, Shift-Dir - straight line, f/p - seven-headed hydra
Aim: a seven-headed hydra (chance to affect: 28%)
The seven-headed hydra easily resists.
The seven-headed hydra bites you but does no damage.
You block the seven-headed hydra's attack.
The seven-headed hydra bites you. The seven-headed hydra bites you!
The seven-headed hydra completely misses you.
The seven-headed hydra bites you. x2; The komodo dragon bites you!!
You die...

........# #.....F.# ...
#.......# ... ##.......#
.... ..##........#.....
....}.......#.....
#..............
#.......P...... .
####....D@.##....##.
..#####P.#....l............
..........................#
......†...................#
........(.................#
....l.....................#
..........................#
..........................#
..##.###.##.....###....#..#


You could see a seven-headed hydra, a komodo dragon and a bullfrog (asleep).

Vanquished Creatures
  Erolcha (D:11)
  A hydra (D:11)
  A centaur warrior (D:8)
  4 two-headed ogres
  Urug (D:11)
  A manticore (D:11)
  An ugly thing (D:11)
  2 gargoyles
  A kobold demonologist (D:11)
  A troll (D:11)
  2 wyverns (D:11)
  A shadow (D:11)
  2 humans (D:9)
  2 wraiths (Ossuary)
  8 yaks
  A steam dragon (D:8)
  Menkaure (D:5)
  3 wargs (D:11)
  3 water moccasins
  2 black bears (D:8)
  5 orc warriors
  2 ice beasts
  5 ogres
  2 eyes of draining (D:8)
  5 sky beasts
  3 wolves (Lair:1)
  2 centaurs
  2 elf zombies (D:4)
  4 kobold brigands
  6 bullfrogs
  A scorpion (D:11)
  7 wights
  9 killer bees
  2 howler monkeys
  2 centaur zombies
  A bullfrog zombie (D:7)
  5 hounds
  2 jellies (D:8)
  Crazy Yiuf (D:7)
  8 orc priests
  A bullfrog skeleton (D:8)
  3 centaur skeletons
  A human skeleton (D:4)
  6 orc wizards
  5 iguanas
  8 worker ants
  4 hound zombies
  A hound skeleton (D:8)
  5 gnolls
  2 howler monkey skeletons
  10 adders
  5 shadow imps
  An ufetubus (D:7)
  3 adder zombies
  3 worms (D:2)
  2 dart slugs
  6 leopard geckos
  50 orcs
  3 ball pythons
  4 bats
  8 giant cockroaches
  5 goblins
  8 hobgoblins
  15 jackals
  A quokka (D:4)
  2 ball python skeletons (Ossuary)
  6 frilled lizards
  2 hobgoblin skeletons (Ossuary)
  19 kobolds
  A kobold zombie (Ossuary)
  A leopard gecko skeleton (D:6)
  5 orc skeletons
  2 quokka skeletons
  A quokka zombie (D:5)
  9 rats
321 creatures vanquished.

Vanquished Creatures (collateral kills)
  2 gnolls (D:2)
  2 orcs (D:3)
  2 kobolds (D:3)
6 creatures vanquished.

Vanquished Creatures (others)
  An orc wizard (D:3)
  A plant (D:11)
2 creatures vanquished.

Grand Total: 329 creatures vanquished

Notes
Turn   | Place    | Note
-------+----------+-------------------------------------------
     0 | D:1      | jasper the Spriggan Enchanter began the quest for the Orb.
     0 | D:1      | Reached XP level 1. HP: 9/9 MP: 5/5
   457 | D:1      | Reached XP level 2. HP: 13/13 MP: 6/6
  1402 | D:2      | Reached XP level 3. HP: 16/16 MP: 8/8
  1405 | D:2      | Learned a level 2 spell: Ensorcelled Hibernation
  1409 | D:2      | Learned a level 3 spell: Tukima's Dance
  1660 | D:2      | Reached skill level 5 in Stealth
  1690 | D:2      | Reached skill level 1 in Ice Magic
  2368 | D:3      | Reached XP level 4. HP: 21/21 MP: 4/9
  3365 | D:3      | Found a snail-covered altar of Cheibriados.
  3369 | D:3      | Became a worshipper of Cheibriados the Contemplative
  3702 | D:3      | Reached XP level 5. HP: 24/24 MP: 7/10
  4461 | D:4      | Learned a level 3 spell: Confusing Touch
  4514 | D:4      | Reached XP level 6. HP: 28/28 MP: 7/11
  4738 | D:4      | Found a sand-covered staircase.
  4767 | D:4      | Reached skill level 5 in Hexes
  4779 | Ossuary  | Entered an ossuary
  5160 | Ossuary  | Noticed a flying skull
  5160 | Ossuary  | Noticed a wraith
  5173 | Ossuary  | Noticed a wraith
  5175 | Ossuary  | Killed a wraith
  5176 | Ossuary  | Reached skill level 5 in Short Blades
  5176 | Ossuary  | Reached XP level 7. HP: 32/32 MP: 12/12
  5182 | Ossuary  | Noticed a flying skull
  5190 | Ossuary  | Noticed a wraith
  5192 | Ossuary  | Killed a wraith
  5236 | Ossuary  | Noticed a flying skull
  5914 | D:4      | Found an iron altar of Okawaru.
  5916 | D:4      | Found a blossoming altar of Fedhas.
  5953 | D:4      | Found a broken altar of Ashenzari.
  5954 | D:4      | Found a snail-covered altar of Cheibriados.
  6050 | D:5      | Entered Level 5 of the Dungeon
  6821 | D:5      | Reached XP level 8. HP: 36/36 MP: 0/13
  7117 | D:5      | You fall into a shaft and drop 1 floor!
  7217 | D:6      | Found an ancient bone altar of Kikubaaqudgha.
  7304 | D:5      | Found a staircase to the Ecumenical Temple.
  7305 | D:5      | Noticed Menkaure
  7314 | D:5      | Killed Menkaure
  7319 | Temple   | Entered the Ecumenical Temple
  7325 | Temple   | Learned a level 4 spell: Petrify
  7852 | D:5      | Found a white marble altar of Elyvilon.
  8211 | D:6      | Found an ornate altar of the Wu Jian Council.
  8251 | D:6      | Found a shimmering blue altar of Sif Muna.
  8253 | D:6      | Found a radiant altar of Vehumet.
  8257 | D:6      | Identified Vehumet's Tome of Arcane Weapons
  8734 | D:7      | Reached XP level 9. HP: 37/39 MP: 10/14
  8766 | D:7      | Reached skill level 10 in Stealth
  8862 | D:7      | Found a stormy altar of Qazlal.
  8914 | D:7      | Found a sacrificial altar of Ru.
  8917 | D:7      | Reached * piety under Cheibriados
  9424 | D:7      | Identified the Reference Book on Shape Shifting and
                  | Necromancy
  9794 | D:7      | Found a runed translucent door.
  9795 | D:7      | Noticed Crazy Yiuf
  9801 | D:7      | Killed Crazy Yiuf
  9802 | D:7      | Reached skill level 10 in Short Blades
 10022 | D:8      | Found a basalt altar of Yredelemnul.
 10181 | D:8      | Noticed a centaur warrior
 10239 | D:8      | Reached skill level 1 in Invocations
 10334 | D:8      | Reached skill level 2 in Invocations
 10508 | D:8      | Noticed a catoblepas
 10543 | D:8      | Found a bloodstained altar of Trog.
 10547 | D:8      | Reached skill level 3 in Invocations
 10632 | D:8      | Reached skill level 4 in Invocations
 10670 | D:8      | Found a bloodstained altar of Trog.
 10878 | D:9      | Found a sacrificial altar of Ru.
 10898 | D:9      | Reached skill level 5 in Invocations
 11463 | D:9      | Found an iron altar of Okawaru.
 11504 | D:9      | Learned a level 1 spell: Apportation
 11532 | D:9      | Found a shimmering altar of Xom.
 11534 | D:9      | Found a burning altar of Makhleb.
 11584 | D:9      | Found a white marble altar of Elyvilon.
 11680 | D:9      | Found Xeiraext's Antique Armour Shoppe.
 11688 | D:9      | Bought an embroidered robe for 114 gold pieces
 11776 | D:9      | Reached XP level 10. HP: 44/44 MP: 12/16
 11781 | D:10     | Entered Level 10 of the Dungeon
 11781 | D:10     | Noticed a gargoyle
 11782 | D:10     | Found Paarorr Seir's Assorted Antiques.
 11787 | D:10     | Found Jebbinorph's Assorted Antiques.
 11841 | D:10     | Found a staircase to the Orcish Mines.
 11845 | D:10     | Learned a level 2 spell: Blink
 11876 | D:10     | Reached skill level 1 in Translocations
 11929 | D:10     | Found Afagga's Jewellery Boutique.
 11932 | D:10     | Bought a +4 ring of protection for 432 gold pieces
 11951 | D:10     | Noticed a two-headed ogre
 11953 | D:10     | Killed a two-headed ogre
 11954 | D:10     | Reached skill level 5 in Translocations
 12029 | D:10     | Reached skill level 6 in Invocations
 12144 | D:10     | Noticed a two-headed ogre
 12148 | D:10     | Killed a two-headed ogre
 12149 | D:10     | Reached skill level 7 in Invocations
 12157 | D:10     | Noticed a two-headed ogre
 12163 | D:10     | Killed a two-headed ogre
 12164 | D:10     | Reached skill level 8 in Invocations
 12199 | D:10     | Found Onkeatitt's Armour Shoppe.
 12301 | D:10     | Killed a gargoyle
 12433 | D:10     | Found Poephol's Assorted Antiques.
 12685 | D:10     | Noticed a sea snake
 12722 | D:10     | Noticed a sea snake
 12906 | D:11     | Reached skill level 9 in Invocations
 12911 | D:11     | Noticed Erolcha
 12929 | D:11     | Killed Erolcha
 13227 | D:10     | Reached XP level 11. HP: 39/47 MP: 16/19
 13228 | D:10     | Reached ** piety under Cheibriados
 13283 | D:10     | Reached skill level 10 in Invocations
 13547 | D:11     | Noticed a two-headed ogre
 13554 | D:11     | Noticed a white ugly thing
 13555 | D:11     | Killed a two-headed ogre
 13563 | D:11     | Killed a white ugly thing
 13564 | D:11     | Reached skill level 11 in Invocations
 13931 | D:11     | Found a staircase to the Lair.
 14064 | D:11     | Noticed Urug
 14124 | D:11     | Killed Urug
 14139 | D:11     | Identified the +10 long sword "Qalymu Gigept" {protect,
                  | Str+2}
 14153 | D:11     | Reached *** piety under Cheibriados
 14165 | D:11     | Noticed a six-headed hydra
 14176 | D:11     | Killed a six-headed hydra
 14177 | D:11     | Reached skill level 12 in Invocations
 14610 | D:11     | Reached skill level 1 in Fighting
 14718 | D:11     | Reached skill level 5 in Spellcasting
 15142 | D:11     | Reached **** piety under Cheibriados
 15478 | D:8      | Killed a centaur warrior
 15479 | D:8      | Reached skill level 5 in Dodging
 16385 | Lair:1   | Entered Level 1 of the Lair of Beasts
 16624 | Lair:1   | Reached XP level 12. HP: 56/56 MP: 19/22
 16717 | Lair:1   | Noticed a seven-headed hydra
 16725 | Lair:1   | Slain by a komodo dragon

Illustrated notes

Levels and vault maps discovered:
D:1:      roderic_chinese_lattice_arrival, layout_basic
D:2:      layout_loops_corners, kennysheep_generic_room_3
D:3:      layout_basic, kennysheep_slug_shrine
D:4:      layout_loops_cross, nicolae_overflow_hidden_temple,
          nicolae_ossuary_entry_catacombs
D:5:      layout_gridville, minmay_temple_entry_offerings, basic_altar,
          grunt_decor_junction, uniq_menkaure
D:6:      layout_basic, grunt_temple_overflow_magic_moments,
          nzn_wu_jian_contemplation
D:7:      layout_basic, nicolae_ru_awakened_eye,
          nicolae_qazlal_style_of_elements, uniq_crazy_yiuf_cottage
D:8:      minmay_cut_squares, layout_loops_ring, nicolae_overflow_crystal_walls,
          lemuel_doored_altar, trog_ov_bears_minmay
D:9:      layout_rooms, bloody_makhleb, elyvilon_altar_4, xom_butterflies,
          basic_altar, serial_shops, shop, okawaru_humans
D:10:     layout_rooms, orc_0_dummy, serial_aquarium, aquarium_bridge_square
          [aquarium_subvault_bridge, aquarium_subvault_bridge,
          aquarium_subvault_bridge, aquarium_subvault_wall],
          aquarium_bridge_island_large [aquarium_subvault_large_4_pools,
          aquarium_subvault_bridge, aquarium_subvault_balcony,
          aquarium_subvault_balcony, aquarium_subvault_window],
          aquarium_window_corridor_3, aquarium_window_fake, aquarium_view_2d,
          aquarium_view_2d, aquarium_balcony_double_3, serial_shops,
          nicolae_shop_behind_doors, shop, nicolae_shop_crystal, shop, shop
D:11:     layout_irregular_city, erik_lair_orcish_takeover, uniq_urug,
          uniq_erolcha
Temple:   corrupted_temple
Lair:1:   layout_regular_city

Skill      XL: |  1  2  3  4  5  6  7  8  9 10 11 12 |
---------------+-------------------------------------+-----
Spellcasting   | 3 4 6 |  6.1
Short Blades   | 2 3 4 5 6 8 10 | 10.0
Hexes          | 4 5 6 7 8 |  8.0
Stealth        | 5 6 7 8 9 11 | 11.0
Ice Magic      | 1 2 |  2.0
Invocations    | 5 9 12 | 12.2
Translocations | 5 |  5.4
Dodging        | 5 |  5.7
Fighting       | 2 3 |  3.0

Action                   |  1- 3 |  4- 6 |  7- 9 | 10-12 || total
-------------------------+-------+-------+-------+-------++-------
Melee: Dagger            |    98 |   118 |   349 |   297 ||   862
Throw: Dart              |    43 |    20 |     1 |    34 ||    98
 Cast: Ensorcelled Hiber |    13 |    32 |    61 |   132 ||   238
       Confusing Touch   |       |     4 |    26 |    12 ||    42
       Blink             |       |       |       |     2 ||     2
Evoke: Wand              |       |       |     1 |       ||     1
  Use: Scroll            |       |       |     9 |     6 ||    15
       Potion            |       |       |     1 |     1 ||     2
 Stab: Sleeping          |    11 |    40 |    73 |    85 ||   209
       Confused          |       |     5 |    23 |    12 ||    40
       Distracted        |       |       |     2 |       ||     2
Armor: Robe              |    13 |     8 |    12 |    36 ||    69
Dodge: Dodged            |   100 |    46 |   186 |   177 ||   509
Block: Other             |       |       |    38 |    64 ||   102
       Reflection        |       |       |     1 |     2 ||     3

Table legend: (Time is in decaauts)
 A = Elapsed time spent in this place.
 B = Non-inter-level travel time spent in this place.
 C = Inter-level travel time spent in this place.
 D = Time resting spent in this place.
 E = Time spent auto-exploring this place.
 F = Levels seen in this place.
 G = Mean time per level.
                   A        B        C        D        E       F      G
               +--------+--------+--------+--------+--------+-----+--------+
         Total |  15928 |  15371 |    557 |   2610 |   9962 |  14 | 1137.7 |
       Dungeon |  14722 |  14166 |    556 |   2179 |   9403 |  11 | 1338.4 |
        Temple |    127 |    127 |      0 |    121 |      0 |   1 |  127.0 |
          Lair |    420 |    420 |      0 |      2 |    362 |   1 |  420.0 |
       Ossuary |    657 |    657 |      0 |    308 |    197 |   1 |  657.0 |
               +--------+--------+--------+--------+--------+-----+--------+

Top non-repeatable levels by time:
    D:11: 2212 daAuts
     D:8: 2005 daAuts
     D:3: 1562 daAuts
     D:2: 1556 daAuts
    D:10: 1458 daAuts
     D:7: 1285 daAuts
     D:4: 1154 daAuts
     D:5: 964 daAuts
     D:1: 913 daAuts
     D:6: 808 daAuts
     D:9: 800 daAuts
 Ossuary: 657 daAuts
  Lair:1: 420 daAuts
  Temple: 127 daAuts
